 Dungeon Crawl Stone Soup version 0.31-a0-538-gbc85326fa9 (webtiles) character file.

Game seed: 8962347146626828349

641 quinnr the Mimic (level 7, -6/46 HPs)
             Began as a Merfolk Ice Elementalist on Aug 12, 2023.
             Was an Initiate of Yredelemnul.
             Mangled by an orc warrior
             ... wielding a +0 long sword
              (11 damage)
             ... on level 5 of the Dungeon on Aug 13, 2023.
             The game lasted 00:12:37 (5952 turns).

quinnr the Mimic (Merfolk Ice Elementalist)         Turns: 5952, Time: 00:12:38

Health: -6/46      AC:  3    Str:  8    XL:     7   Next: 51%
Magic:  9/10       EV: 13    Int: 15    God:    Yredelemnul [......]
Gold:   139        SH:  0    Dex: 16    Spells: 9/10 levels left

rFire   . . .        k - staff of poison {!a}
rCold   . . .        (no shield)
rNeg    . . .        a - +0 robe
rPois   +            (no helmet)
rElec   .            (no cloak)
rCorr   +            x - +0 pair of gloves
SInv    .            (no boots)
Will    +....        v - amulet of the acrobat
Stlth   ++           R - ring of resist corrosion
HPRegen 0.27/turn    (no ring)
MPRegen 0.12/turn

%: acrobat
@: mighty, attractive, enlightened, flying
A: (nimble swimmer 2), mertail
a: Renounce Religion, Recall Undead Harvest


You were on level 5 of the Dungeon.
You worshipped Yredelemnul.
Yredelemnul was noncommittal.
You visited 2 branches of the dungeon, and saw 6 of its levels.

You collected 139 gold pieces.


Innate Abilities, Weirdness & Mutations

((You are very nimble when in or above water. (Stealth+, EV+, Speed+++)))
Your lower body shifts to a powerful aquatic tail in water.


   Skills:
 - Level 4.0 Dodging
 - Level 3.0 Stealth
 - Level 2.0 Spellcasting
 - Level 4.3 Ice Magic
 + Level 8.0 Shapeshifting


You had 9 spell levels left.
You knew the following spells:

 Your Spells              Type           Power      Damage    Failure   Level
f - Freeze                Ice            56%        1d7       3%          1

Your spell library contained the following spells:

 Spells                   Type           Power      Damage    Failure   Level
 Frozen Ramparts          Ice            28%        1d5       11%         3
 Ozocubu's Armour         Ice            14%        N/A       11%         3
 Magic Dart               Conj           4%         1d3       22%         1
 Hailstorm                Conj/Ice       8%         3d4       26%         3
 Searing Ray              Conj           2%         2d4       32%         2
 Vhi's Electric Charge    Tloc/Air       2%         N/A       54%         3
 Summon Ice Beast         Ice/Summ       8%         N/A       65%         4
 Fulminant Prism          Conj/Hex       0%         3d5       91%         4
 Arcjolt                  Conj/Air       0%         1d10      99%         5
 Maxwell's Capacitive Co  Air            0%         ∞         100%        8
 Simulacrum               Ice/Necr       Unusable   N/A       N/A         6

Inventory:

Hand Weapons
 i - a +0 sling
Armour
 a - a +0 robe (worn)
 n - a +0 buckler
 x - a +0 pair of gloves (worn)
Magical Staves
 k - a staff of poison (weapon) {!a}
Jewellery
 v - an amulet of the acrobat (around neck)
 R - a ring of resist corrosion (left hand)
Talismans
 e - a maw talisman
Wands
 r - a wand of mindburst (4)
Scrolls
 d - a scroll of noise {unknown}
 g - 2 scrolls of revelation {unknown}
 h - 3 scrolls of identify {unknown}
 m - a scroll of poison {unknown}
 p - a scroll of vulnerability {unknown}
 t - a scroll of teleportation {unknown}
 u - a scroll of enchant armour {unknown}
Potions
 b - 2 potions of magic
 c - a potion of berserk rage {unknown}
 f - a potion of haste {unknown}
 j - 2 potions of attraction
 l - a potion of heal wounds {unknown}
 o - a potion of curing {unknown}
 s - a potion of brilliance {unknown}
 w - a potion of enlightenment

Dungeon Overview and Level Annotations

Branches:
Dungeon (5/15)             Temple (1/1) D:4

Altars:
Hepliaklqana
Kikubaaqudgha
Makhleb
Nemelex Xobeh
Okawaru
Qazlal
Ru
Sif Muna
Trog
Uskayaw
Vehumet
Xom
Yredelemnul
Zin
The Shining One

..Z.........# ########.## ##.##.#
####....#.#.# #.....###.###.###.#
............###.....# ##.#.####.#
.......[....[.......# ##.<.....#
............###.....#####.#######
###.....#.#.# #........##.#
............# ##.#####.##.#
###.#####.#.# #.# #.##.# #.#
#.Z.#.# #@# #....# #.#
#.###.####o# #.#### ###.# #.#
#..Z.ZZ#####.#
.##.###.###.####..)....#
.##.........# #.##.####
....#.#.......##.# #
.##...#####.#..... .###.## #.#
##.# .# #.# #.. ..#


You could see an orc warrior (drained, ally target), a friendly spectral
ufetubus and a friendly orc zombie.


Message History

You fly up into the air.
Your orc zombie hits the orc warrior but does no damage.
Your spectral ufetubus misses the orc warrior.
Your spectral ufetubus closely misses the orc warrior.
The orc warrior unwields a +0 arbalest.
The orc warrior wields a +0 long sword.
The orc warrior hits you with a +0 long sword!
* * * LOW HITPOINT WARNING * * *
Unknown command.
Unknown command.
Unknown command.
Unknown command.
Okay, then.
Your orc zombie misses the orc warrior.
The orc warrior unwields a +0 long sword.
The orc warrior wields a +0 arbalest.
The orc warrior shoots a bolt.
The bolt misses you.
The orc warrior is attracted toward you.
Unknown command.
Unknown command.
Unknown command.
It was a potion of might.
You feel very mighty all of a sudden.
You hit the orc warrior.
The orc warrior is moderately wounded.
Your spectral ufetubus hits the orc warrior but does no damage.
Your spectral ufetubus closely misses the orc warrior.
The orc warrior unwields a +0 arbalest.
The orc warrior wields a +0 long sword.
The orc warrior hits you with a +0 long sword!
You die...
Your body rises from the dead as a mindless zombie.

Skill      XL: |  1  2  3  4  5  6  7 |
---------------+----------------------+-----
Stealth        | 3 |  3.0
Shapeshifting  | 2 3 4 5 7 8 |  8.0
Dodging        | 3 4 |  4.0
Spellcasting   | |  2.0
Ice Magic      | |  4.3

Action                     |  1- 3 |  4- 6 |  7- 9 || total
---------------------------+-------+-------+-------++-------
  Melee: Unarmed           |    10 |       |       ||    10
         Staff             |       |    15 |     2 ||    17
   Fire: Sling             |    50 |    45 |       ||    95
   Cast: Freeze            |    28 |    80 |    28 ||   136
 Invoke: Recall Undead Har |       |     3 |       ||     3
  Evoke: Wand              |       |     8 |     2 ||    10
    Use: Potion            |       |       |     3 ||     3
 Armour: Robe              |     3 |    10 |     1 ||    14
  Dodge: Dodged            |    29 |    76 |    33 ||   138

Levels and vault maps discovered:
D:1:      amcnicky_arrival_gap_in_the_tavern_cellar, layout_basic
D:2:      layout_loops_corners, minmay_crystal_room, hangedman_decor_lopped
D:3:      layout_basic, mainiacjoe_overflow_brackets, serial_curves,
          eino_curves_03, eino_curves_01, uniq_terence
D:4:      layout_basic, nicolae_qazlal_general_emergency,
          minmay_temple_entry_metal_lava, minmay_misc_feat_tiny,
          chequers_serial_rivers_room_b, st_stairs_10, uniq_natasha
D:5:      layout_loops_cross, marbit_many_paths, amcnicky_mini_pool_small,
          roderic_roman_lattice, dreamdust_princess_bridge
Temple:   hellmonk_temple_forest_ring

Notes
Turn   | Place    | Note
-------+----------+-------------------------------------------
     0 | D:1      | quinnr the Merfolk Ice Elementalist began the quest for the
                  | Orb.
     0 | D:1      | Reached XP level 1. HP: 13/13 MP: 3/3
   152 | D:1      | Upgraded the game from 0.31-a0-532-g28f74ba3e5 to
                  | 0.31-a0-538-gbc85326fa9
   420 | D:1      | Reached skill level 3 in Stealth
   420 | D:1      | Reached XP level 2. HP: 19/19 MP: 1/5
   549 | D:1      | Reached skill level 1 in Shapeshifting
   974 | D:1      | Reached skill level 2 in Shapeshifting
  1052 | D:2      | Reached XP level 3. HP: 24/24 MP: 6/6
  1836 | D:3      | Found a sacrificial altar of Ru.
  1850 | D:3      | Reached skill level 3 in Shapeshifting
  1885 | D:3      | HP: 2/24 [worm (11)]
  1990 | D:3      | Noticed Terence
  2056 | D:2      | Reached XP level 4. HP: 29/30 MP: 3/7
  3016 | D:3      | Reached skill level 4 in Shapeshifting
  3140 | D:4      | Found a staircase to the Ecumenical Temple.
  3150 | Temple   | Entered the Ecumenical Temple
  3239 | Temple   | Became a worshipper of Yredelemnul the Dark
  3366 | D:4      | Reached skill level 3 in Dodging
  3366 | D:4      | Reached XP level 5. HP: 29/35 MP: 3/8
  3793 | D:4      | Found a stormy altar of Qazlal.
  3997 | D:4      | Reached skill level 4 in Dodging
  4049 | D:4      | Noticed an ogre
  4058 | D:4      | Killed an ogre
  4058 | D:4      | Reached * piety under Yredelemnul
  4059 | D:4      | Reached skill level 5 in Shapeshifting
  4059 | D:4      | Reached XP level 6. HP: 41/41 MP: 9/9
  4235 | D:4      | Noticed Natasha
  4243 | D:4      | Killed Natasha
  4252 | D:4      | Reached ** piety under Yredelemnul
  4389 | D:4      | Noticed Natasha
  4401 | D:4      | Killed Natasha
  4402 | D:4      | Reached skill level 6 in Shapeshifting
  4731 | D:3      | Killed Terence
  4874 | D:5      | Entered Level 5 of the Dungeon
  4943 | D:5      | Noticed an orc warrior
  5011 | D:4      | Noticed Natasha
  5022 | D:4      | Killed Natasha
  5244 | D:5      | Reached skill level 7 in Shapeshifting
  5244 | D:5      | Reached XP level 7. HP: 44/46 MP: 4/10
  5907 | D:5      | Reached skill level 8 in Shapeshifting
  5949 | D:5      | HP: 4/46 [orc warrior/+0 long sword (9)]
  5952 | D:5      | Mangled by an orc warrior

Vanquished Creatures
  An ice beast (D:5)
  An ogre (D:4)
  2 hounds
  A jelly (D:5)
  A sleepcap (D:5)
  Terence (D:3)
  Natasha (thrice) (D:4)
  3 orc wizards
  6 adders
  3 gnolls
  An ufetubus (D:5)
  A worm (D:2)
  3 dart slugs
  11 orcs
  7 ball pythons
  4 bats
  8 endoplasms
  2 giant cockroaches
  3 goblins
  6 hobgoblins
  4 frilled lizards
  4 kobolds
  2 rats
78 creatures vanquished.

Vanquished Creatures (collateral kills)
  An ufetubus (D:5)
  An orc (D:4)
2 creatures vanquished.

Vanquished Creatures (others)
  A ball python zombie (D:4)
  An endoplasm zombie (D:4)
  A kobold zombie (D:4)
  3 orc zombies
6 creatures vanquished.

Grand Total: 86 creatures vanquished

Table legend: (Time is in decaauts)
 A = Elapsed time spent in this place.
 B = Non-inter-level travel time spent in this place.
 C = Inter-level travel time spent in this place.
 D = Time resting spent in this place.
 E = Time spent auto-exploring this place.
 F = Levels seen in this place.
 G = Mean time per level.
                   A        B        C        D        E       F      G
               +--------+--------+--------+--------+--------+-----+--------+
         Total |   6002 |   5436 |    566 |    577 |   3741 |   6 | 1000.3 |
       Dungeon |   5901 |   5357 |    544 |    577 |   3741 |   5 | 1180.2 |
        Temple |    100 |     78 |     22 |      0 |      0 |   1 |  100.0 |
               +--------+--------+--------+--------+--------+-----+--------+

Top non-repeatable levels by time:
     D:3: 1529 daAuts
     D:4: 1528 daAuts
     D:1: 1034 daAuts
     D:2: 973 daAuts
     D:5: 835 daAuts
  Temple: 100 daAuts

Table legend:
 A = Non-vault XP
 B = Vault XP
 C = Vault XP percentage of total XP
 D = Non-vault monster count
 E = Vault monster count
 F = Vault count percentage of total count
                 A         B        C        D         E       F
            +---------+---------+-------+---------+---------+-------
      Total |     841 |      75 |   8.2 |      76 |       4 |   5.0
            +---------+---------+-------+---------+---------+-------
        D:1 |      31 |       0 |   0.0 |      15 |       0 |   0.0
        D:2 |      36 |       0 |   0.0 |      12 |       0 |   0.0
        D:3 |      71 |      36 |  33.6 |      17 |       1 |   5.6
        D:4 |     326 |      39 |  10.7 |      20 |       3 |  13.0
        D:5 |     377 |       0 |   0.0 |      12 |       0 |   0.0
            +---------+---------+-------+---------+---------+-------

Levels and vault maps discovered:
D:1:      amcnicky_arrival_gap_in_the_tavern_cellar, layout_basic
D:2:      layout_loops_corners, minmay_crystal_room, hangedman_decor_lopped
D:3:      layout_basic, mainiacjoe_overflow_brackets, serial_curves,
          eino_curves_03, eino_curves_01, uniq_terence
D:4:      layout_basic, nicolae_qazlal_general_emergency,
          minmay_temple_entry_metal_lava, minmay_misc_feat_tiny,
          chequers_serial_rivers_room_b, st_stairs_10, uniq_natasha
D:5:      layout_loops_cross, marbit_many_paths, amcnicky_mini_pool_small,
          roderic_roman_lattice, dreamdust_princess_bridge
Temple:   hellmonk_temple_forest_ring
